 Dungeon Crawl Stone Soup version 0.27.0-1-g7a089689b8 (webtiles) character file.

Game seed: 12580550453871688286

250 robertstho the Magician (level 6, -5/40 HPs)
             Began as a Djinni Fire Elementalist on Aug 4, 2021.
             Slain by a wight (16 damage)
             ... on level 4 of the Dungeon.
             The game lasted 00:06:09 (4682 turns).

robertstho the Magician (Djinni Fire Elementalist)  Turns: 4682, Time: 00:06:11

Health: -5/40      AC:  3    Str:  7    XL:     6   Next: 35%
Gold:   240        EV: 16    Int: 18    God:
                   SH:  0    Dex: 14

rFire    + + .     SeeInvis .   l - +1 falchion (vamp)
rCold    x . .     Faith    .   (no shield)
rNeg     . . .     Spirit   .   a - +0 robe
rPois    ∞         Reflect  .   (no helmet)
rElec    .         Harm     .   (no cloak)
rCorr    .         Rampage  .   j - +0 pair of gloves
Will     .....                  (boots unavailable)
Stlth    ++........             (no amulet)
HPRegen  0.13/turn              h - +4 ring of evasion
MPRegen  0.00/turn              (no ring)

@: flying
A: sickness immunity, fire resistance 2, cold vulnerability 1, float, innate
caster, hp casting, extra vitality 1
a: no special abilities


You were on level 4 of the Dungeon.
You visited 1 branch of the dungeon, and saw 4 of its levels.

You collected 240 gold pieces.

Inventory:

Hand Weapons
 d - a +0 short sword of speed
 l - a +1 vampiric falchion (weapon)
Armour
 a - a +0 robe (worn)
 j - a +0 pair of gloves (worn)
Jewellery
 h - a +4 ring of evasion (left hand)
Scrolls
 b - 6 scrolls of identify {unknown}
 c - a scroll of immolation {unknown}
 f - a scroll of magic mapping {unknown}
 k - a scroll of blinking {unknown}
Potions
 e - a potion of lignification {unknown}
 g - 2 potions of curing {unknown}
 i - a potion of cancellation {unknown}


   Skills:
 + Level 0.2 Fighting
 + Level 0.5 Short Blades
 + Level 2.8 Dodging
 + Level 2.6 Stealth
 + Level 4.4 Spellcasting


You couldn't memorise any spells.
You knew the following spells:

 Your Spells              Type           Power      Damage    Failure   Level
a - Foxfire               Conj/Fire      80%        2x1d8     2%          1
b - Conjure Flame         Conj/Fire      20%        6-21      7%          3
c - Inner Flame           Hex/Fire       20%        N/A       7%          3
d - Sticky Flame          Conj/Fire      20%        2d4       22%         4
e - Fireball              Conj/Fire      10%        3d6       52%         5
f - Corona                Hex            22%        N/A       2%          1
g - Searing Ray           Conj           40%        3d4       3%          2
Your spell library was empty.

Dungeon Overview and Level Annotations

Branches:
Dungeon (4/15)
 Temple: D:4-7

Altars:
Uskayaw


Innate Abilities, Weirdness & Mutations

You are immune to sickness and miasma.
You are immune to poison.
Your flesh is very heat resistant. (rF++)
You are vulnerable to cold. (rC-)
You float through the air rather than walking.
You learn spells naturally, not from books.
Your magical power is your life essence.
You have superior vitality. (+4 HP)


Message History

Press: ? - help, Q - select action, (/) - cycle Dir - look around, f - activate You conjure some foxfire!
The foxfire hits the wight.
The wight is lightly damaged.
The foxfire hits the wight.
The wight is moderately damaged.
Casting: Foxfire (safe; 2% risk of failure)
Press: ? - help, Q - select action, (/) - cycle Dir - look around, f - activate You conjure some foxfire!
The foxfire hits the wight.
The wight is moderately damaged.
The foxfire hits the wight.
The wight is heavily damaged.
The foxfire hits the wight!
You destroy the wight!
Casting: Foxfire (safe; 2% risk of failure)
Press: ? - help, Q - select action, (/) - cycle Dir - look around, f - activate You conjure some foxfire!
Unknown command.
Your foxfire dissipates! x2
Your foxfire dissipates! x2
Your foxfire dissipates!
HP restored.
Things that are here:
a +1 vampiric falchion; a +0 robe You feel a sense of dread.
l - a +1 vampiric falchion (weapon)
Done exploring.
Done exploring.
Done exploring.
(D) Dungeon
Where to? (Enter - D:4, ? - help)
There is a stone staircase leading down here.
You fly downwards.
The ogre hits you with a +0 giant club!!
Ouch! That really hurt!
* * * LOW HITPOINT WARNING * * *
The wight misses you.
The wight hits you with a +4 long sword of freezing!
You die...

...........##......#
...........(....<..#
#..#..####.........##
.....##
#...........## .....#
#............##
.....#
#...........).##
.....#
#..............##
.....##
#.......zz......##
......#
#.......@O.......#
......#
#................#
......#
#................#
......#
###.......<......#
...>..#
###...........##
#.##### ######.######
### ###


You could see an ogre and 2 wights.

Vanquished Creatures
  2 wights (D:3)
  A howler monkey (D:4)
  An iguana (D:4)
  A hound skeleton (D:4)
  3 adders (D:3)
  2 dart slugs (D:2)
  3 bats (D:2)
  5 endoplasms
  3 giant cockroaches
  8 goblins
  7 hobgoblins
  A jackal (D:1)
  6 quokkas
  8 ball pythons
  2 frilled lizards
  6 kobolds
  10 rats
69 creatures vanquished.

Vanquished Creatures (others)
  328 foxfires
328 creatures vanquished.

Grand Total: 397 creatures vanquished

Notes
Turn   | Place    | Note
-------+----------+-------------------------------------------
     0 | D:1      | robertstho the Djinni Fire Elementalist began the quest for
                  | the Orb.
     0 | D:1      | Reached XP level 1. HP: 15/15 MP: 0/0
   515 | D:1      | Reached XP level 2. HP: 17/21 MP: 0/0
  1002 | D:1      | Reached skill level 3 in Spellcasting
  1006 | D:1      | Reached XP level 3. HP: 14/25 MP: 0/0
  1006 | D:1      | Learned a level 1 spell: Corona
  2700 | D:2      | Reached XP level 4. HP: 29/31 MP: 0/0
  3911 | D:3      | Reached XP level 5. HP: 34/35 MP: 0/0
  3911 | D:3      | Learned a level 2 spell: Searing Ray
  4341 | D:4      | Reached skill level 4 in Spellcasting
  4404 | D:4      | Found a hide-covered altar of Uskayaw.
  4458 | D:4      | Noticed an ogre
  4521 | D:3      | Reached XP level 6. HP: 30/40 MP: 0/0
  4682 | D:4      | Slain by a wight

Illustrated notes

Levels and vault maps discovered:
D:1:      dpeg_arrival_arbitrary_a, layout_basic, minmay_surrounded
D:2:      layout_loops_corners
D:3:      layout_rooms, serial_corexii_hall, chequers_hall_statues_wall_a,
          corexii_hall_statues_deadend, lemuel_old_faithful
D:4:      cheibrodos_helix_gallery, layout_cave_pods,
          mainiacjoe_overflow_cross_hatched, slow_altar_2,
          minmay_temple_entry_from_below_a, chequers_arboretum

Skill      XL: |  1  2  3  4  5 |
---------------+----------------+-----
Spellcasting   | 3 4 |  4.4
Stealth        | 2 |  2.6
Fighting       | |  0.2
Short Blades   | |  0.5
Dodging        | |  2.8

Action                   |  1- 3 |  4- 6 || total
-------------------------+-------+-------++-------
Melee: Short sword       |    10 |     2 ||    12
 Cast: Foxfire           |   103 |    94 ||   197
Armor: Robe              |       |     6 ||     6
Dodge: Dodged            |     7 |    15 ||    22
